 Dungeon Crawl Stone Soup version 0.21.0-37-g46506fa (webtiles) character file.

70 MrLeft the Skirmisher (level 4, 0/37 HPs)
             Began as a Formicid Abyssal Knight on Jan 31, 2018.
             Was a Follower of Lugonu.
             Slain by Terence
             ... wielding a +2 morningstar of distortion
              (6 damage)
             ... on level 2 of the Dungeon.
             The game lasted 00:08:34 (2167 turns).

MrLeft the Skirmisher (Formicid Abyssal Knight)     Turns: 2167, Time: 00:08:35

Health: 0/37       AC:  3    Str: 18    XL:     4   Next: 44%
Magic:  0/5        EV: 11    Int: 11    God:    Lugonu [*.....]
Gold:   40         SH:  0    Dex: 10    Spells: 1/3 levels left

rFire    . . .     SeeInvis +   a - +1 spear
rCold    . . .     Gourm    .   (no shield)
rNeg     . . .     Faith    .   b - +0 leather armour
rPois    .         Spirit   .   (helmet unavailable)
rElec    .         Reflect  .   (no cloak)
rCorr    .         Harm     .   (no gloves)
MR       .....                  (no boots)
Stlth    +.........             (no amulet)
HPRegen  0.12/turn              (no ring)
MPRegen  0.09/turn              (no ring)

@: very slightly contaminated
A: permanent stasis, dig shafts and tunnels, four strong arms, antennae 3
a: Dig, Shaft Self, Depart the Abyss, Renounce Religion


You were on level 2 of the Dungeon.
You worshipped Lugonu.
Lugonu was aware of your devotion.
You were not hungry.

You visited 1 branch of the dungeon, and saw 2 of its levels.
You visited the Abyss 1 time.

You collected 40 gold pieces.

Inventory:

Hand Weapons
 a - a +1 spear (weapon)
Armour
 b - a +0 leather armour (worn)
 i - a +0 ring mail
Scrolls
 e - a scroll of immolation {unknown}
 g - 2 scrolls of remove curse
Potions
 d - a potion of haste
Books
 h - a book of Maledictions

   Spells                             Type                      Level
   a - Corona                         Hexes                        1
   b - Ensorcelled Hibernation        Hexes/Ice                    2
   c - Confuse                        Hexes                        3
   d - Tukima's Dance                 Hexes                        3
   e - Dazzling Spray                 Conjuration/Hexes            3
Comestibles
 c - 4 rations
 f - a chunk of flesh


   Skills:
 + Level 4.2 Fighting
 + Level 2.8 Polearms
 + Level 2.8 Armour
 + Level 1.1 Dodging
 + Level 0.1 Ice Magic
 + Level 2.5 Invocations


You had one spell level left.
You knew the following spells:

 Your Spells              Type           Power        Failure   Level  Hunger
a - Ensorcelled Hibernat  Hex/Ice        #.....       54%         2    ###....


Dungeon Overview and Level Annotations

Branches:
Dungeon (2/15)

Altars:

Annotations:
D:2 Terence


Innate Abilities, Weirdness & Mutations

You cannot be hasted, slowed, berserked, paralysed or teleported.
You can dig through walls and to a lower floor.
Your four strong arms can wield two-handed weapons with a shield.
You have a pair of large antennae on your head. (SInv)


Message History

Terence drinks a potion.
Terence suddenly seems more agile.
Casting: Ensorcelled Hibernation
Confirm with . or Enter, or press ? or * to list all spells.
Aiming: Ensorcelled Hibernation
Press: ? - help, Shift-Dir - straight line, f - Terence
Aim: Terence, wielding a morningstar of distortion and wearing a scale mail (moderately wounded, unusually agile, not susceptible)
You miscast Ensorcelled Hibernation.
You are very lightly contaminated with residual magic.
Your brain hurts!
Terence closely misses you.
Casting: Ensorcelled Hibernation
Confirm with . or Enter, or press ? or * to list all spells.
Aiming: Ensorcelled Hibernation
Press: ? - help, Shift-Dir - straight line, f/p - Terence
Aim: Terence, wielding a morningstar of distortion and wearing a scale mail (moderately wounded, unusually agile, not susceptible) Terence is unaffected.
Terence hits you with a morningstar of distortion.
* * * LOW HITPOINT WARNING * * *
Space bends around you.
You die...

#.# #.##########..
#####.########.# ###
#..............# #
#.###.########## # #.#
########## # #.#
##....$...# #
#.###.####...#####.# #
#..........#.# #
#.########@@.# # ###.#
# #.# #.# # #.# #>#
#.# #.# ##.# #.#
######..#####.#
#........†.##.#
#.####.#.#.##.########


You could see Terence.

Vanquished Creatures
  An adder (D:2)
  An ooze (D:1)
  2 worms (D:2)
  2 dart slugs (D:1)
  A leopard gecko (D:1)
  5 bats
  6 giant cockroaches
  6 goblins
  2 hobgoblins
  4 kobolds
  2 quokkas (D:2)
  2 ball pythons (D:2)
  8 frilled lizards
  3 rats
45 creatures vanquished.

Notes
Turn   | Place    | Note
-------+----------+-------------------------------------------
     0 | Abyss:1  | MrLeft the Formicid Abyssal Knight began the quest for the Orb.
     0 | Abyss:1  | Reached XP level 1. HP: 18/18 MP: 2/2
     2 | D:1      | Escaped the Abyss
   139 | D:1      | Reached XP level 2. HP: 24/24 MP: 3/3
   220 | D:1      | Reached * piety under Lugonu
   226 | D:1      | Reached skill level 1 in Dodging
   354 | D:1      | Reached XP level 3. HP: 30/30 MP: 4/4
   925 | D:2      | Reached skill level 4 in Fighting
   999 | D:2      | Reached XP level 4. HP: 26/37 MP: 5/5
  1392 | D:2      | Learned a level 2 spell: Ensorcelled Hibernation
  2147 | D:2      | Noticed Terence
  2167 | D:2      | Slain by Terence

Skill      XL: |  1  2  3 |
---------------+----------+-----
Dodging        | 1 |  1.1
Fighting       | 4 |  4.2
Polearms       | |  2.8
Armour         | |  2.8
Ice Magic      | |  0.1
Invocations    | |  2.5

Action                   |  1- 3 |  4- 6 || total
-------------------------+-------+-------++-------
Melee: Spear             |   104 |    49 ||   153
 Cast: Ensorcelled Hiber |       |     5 ||     5
Invok: Depart the Abyss  |     1 |       ||     1
  Use: Scroll            |     2 |       ||     2
       Potion            |     3 |     1 ||     4
 Stab: Sleeping          |       |     2 ||     2
  Eat: Ration            |       |     2 ||     2
       Chunk             |       |     1 ||     1
Armor: Leather armour    |    20 |     7 ||    27
Dodge: Dodged            |    65 |    14 ||    79
